SL
MONTANA PANDAS @ THUNDER BAY NORTHERN LIONS BC
05/24/2024
 
TOP OF THE 1ST
Kingston Township Legion batting - Pitching for Capital District Red Knights : RHP Bob Compton
Pitching: RHP Bob Compton
Batting: RHB Stan Pierce 0-0: Ball
1-0: Swinging Strike
1-1: Foul Ball, location: 2F
1-2: DOUBLE (Line Drive, 7M)
Batting: LHB Gonzalo López 0-0: Ball
1-0: SINGLE (Groundball, 4MD)
Stan Pierce to third
Batting: RHB Layton Templeman 0-0: Ball
1-0: Called Strike
1-1: Ball
2-1: Foul Ball, location: 2F
2-2: Ground out 5-3 (Groundball, 56S)
Stan Pierce scores
Gonzalo López to second
Batting: LHB Clay Rush 0-0: DOUBLE (Line Drive, 9D)
Gonzalo López scores
Batting: RHB Akihiko Oike 0-0: Called Strike
0-1: Ball
1-1: Ball
2-1: Called Strike
2-2: Ball
3-2: Foul Ball, location: 2F
3-2: Base on Balls
Batting: LHB Martín Núñes 0-0: Fly out, F7 (Flyball, 7D)
Runner from 2nd tags up, SAFE at 3rd, no throw
Batting: RHB Clarence Neal 0-0: Fielders Choice at 2nd, 6-4 (Groundball, 6)
Top of the 1st over - 2 run(s), 3 hit(s), 0 error(s), 1 left on base; Kingston Township 2 - Capital District 0
BOTTOM OF THE 1ST
Capital District Red Knights batting - Pitching for Kingston Township Legion : RHP José Zavala
Pitching: RHP José Zavala
Batting: RHB Tom Christensen 0-0: Ball
1-0: Ball
2-0: Fly out, F8 (Flyball, 8RS)
Batting: LHB Stan Lewis 0-0: SOLO HOME RUN (Flyball, 9D), Distance : 383 ft
Batting: LHB Leonardo López 0-0: Called Strike
0-1: Ball
1-1: Fly out, F3 (Popup, 34S)
Batting: RHB Lane Rich 0-0: Swinging Strike
0-1: Ball
1-1: Ball
2-1: Ball
3-1: Foul Ball, location: 2F
3-2: Base on Balls
Batting: RHB Shawn Hicks 0-0: Ball
1-0: DOUBLE (Line Drive, 5D)
Lane Rich to third
Batting: LHB Roberto Marino 0-0: Ball
1-0: Called Strike
1-1: Swinging Strike
1-2: Ball
2-2: Ball
3-2: Ground out 1-3 (Groundball, 13S)
Bottom of the 1st over - 1 run(s), 2 hit(s), 0 error(s), 2 left on base; Kingston Township 2 - Capital District 1
TOP OF THE 2ND
Kingston Township Legion batting - Pitching for Capital District Red Knights : RHP Bob Compton
Batting: RHB Pedro Mendoza 0-0: Ball
1-0: Swinging Strike
1-1: Ball
2-1: Foul Ball, location: 2F
2-2: Foul Ball, location: 2F
2-2: Ball
3-2: DOUBLE (Line Drive, 7D)
Batting: RHB Jon Erickson 0-0: Ball
1-0: Foul Ball, location: 2F
1-1: Fly out, F8 (Flyball, 8LM)
Batting: RHB Stan Pierce 0-0: Ball
1-0: Ball
2-0: Ball
3-0: Called Strike
3-1: Base on Balls
Batting: LHB Gonzalo López 0-0: Called Strike
0-1: Grounds into double play, 4-6-3 (Groundball, 4)
Top of the 2nd over - 0 run(s), 1 hit(s), 0 error(s), 1 left on base; Kingston Township 2 - Capital District 1
BOTTOM OF THE 2ND
Capital District Red Knights batting - Pitching for Kingston Township Legion : RHP José Zavala
Batting: RHB Martin Young 0-0: Ball
1-0: Swinging Strike
1-1: Called Strike
1-2: Strikes out swinging
Batting: RHB Barry Dempsey 0-0: Fly out, F4 (Line Drive, 4)
Batting: LHB Arturo Hernández 0-0: Ground out 4-3 (Groundball, 4M)
Bottom of the 2nd over - 0 run(s), 0 hit(s), 0 error(s), 0 left on base; Kingston Township 2 - Capital District 1
TOP OF THE 3RD
Kingston Township Legion batting - Pitching for Capital District Red Knights : RHP Bob Compton
Batting: RHB Layton Templeman 0-0: DOUBLE (Line Drive, 89M)
Batting: LHB Clay Rush 0-0: Ball
1-0: Ball
2-0: Fly out, F8 (Flyball, 8RXD)
Runner from 2nd tags up, SAFE at 3rd, no throw
Batting: RHB Akihiko Oike 0-0: Ball
1-0: Called Strike
1-1: Ball
2-1: Foul Ball, location: 2F
2-2: Ground out 6-3 (Groundball, 6)
Layton Templeman scores
Batting: LHB Martín Núñes 0-0: Fly out, F7 (Flyball, 7LMF)
Top of the 3rd over - 1 run(s), 1 hit(s), 0 error(s), 0 left on base; Kingston Township 3 - Capital District 1
BOTTOM OF THE 3RD
Capital District Red Knights batting - Pitching for Kingston Township Legion : RHP José Zavala
Batting: RHB Tom Christensen 0-0: Foul Ball, location: 2F
0-1: Swinging Strike
0-2: Ball
1-2: SINGLE (Line Drive, 9S)
Batting: LHB Stan Lewis 0-0: Ball
1-0: Ball
2-0: Ball
3-0: Swinging Strike
3-1: Base on Balls
Tom Christensen to second
Batting: LHB Leonardo López 0-0: Called Strike
0-1: Swinging Strike
0-2: DOUBLE (Line Drive, 9D)
Tom Christensen scores
Stan Lewis to third
Pinch Runner at 2nd Louis Henderson:
Batting: RHB Lane Rich 0-0: Foul Ball, location: 2F
0-1: Swinging Strike
0-2: Strikes out swinging
Batting: RHB Shawn Hicks 0-0: Called Strike
0-1: Ball
1-1: Foul Ball, location: 2F
1-2: Ball
2-2: Foul Ball, location: 2F
2-2: Fly out, F7 (Flyball, 7LM)
Batting: LHB Roberto Marino 0-0: Swinging Strike
0-1: Foul Ball, location: 2F
0-2: Strikes out swinging
Bottom of the 3rd over - 1 run(s), 2 hit(s), 0 error(s), 2 left on base; Kingston Township 3 - Capital District 2
TOP OF THE 4TH
Kingston Township Legion batting - Pitching for Capital District Red Knights : RHP Bob Compton
Now in RF: Louis Henderson
Batting: RHB Clarence Neal 0-0: Called Strike
0-1: Foul Ball, location: 2F
0-2: Foul Ball, location: 2F
0-2: Ball
1-2: Foul Ball, location: 2F
1-2: Foul Ball, location: 2F
1-2: Strikes out looking
Batting: RHB Pedro Mendoza 0-0: Ball
1-0: Ball
2-0: Fly out, F9 (Flyball, 9D)
Batting: RHB Jon Erickson 0-0: Ball
1-0: Reached on error, E5 (Groundball, 56)
Batting: RHB Stan Pierce 0-0: Swinging Strike
0-1: Ball
Wild Pitch!
Jon Erickson to second
1-1: Swinging Strike
1-2: Ball
2-2: Strikes out looking
Top of the 4th over - 0 run(s), 0 hit(s), 1 error(s), 1 left on base; Kingston Township 3 - Capital District 2
BOTTOM OF THE 4TH
Capital District Red Knights batting - Pitching for Kingston Township Legion : RHP José Zavala
Batting: RHB Martin Young 0-0: Fly out, F2 (Popup, 2RF)
Batting: RHB Barry Dempsey 0-0: Foul Ball, location: 2F
0-1: Swinging Strike
0-2: Strikes out swinging
Batting: LHB Arturo Hernández 0-0: Foul Ball, location: 2F
0-1: Foul Ball, location: 2F
0-2: Ball
1-2: Ball
2-2: Ball
3-2: Ground out 4-3 (Groundball, 4)
Bottom of the 4th over - 0 run(s), 0 hit(s), 0 error(s), 0 left on base; Kingston Township 3 - Capital District 2
TOP OF THE 5TH
Kingston Township Legion batting - Pitching for Capital District Red Knights : RHP Bob Compton
Pitching: RHP Lou Lowry
Batting: LHB Gonzalo López 0-0: Foul Ball, location: 2F
0-1: Called Strike
0-2: Strikes out swinging
Batting: RHB Layton Templeman 0-0: Called Strike
0-1: Foul Ball, location: 2F
0-2: Ball
1-2: Ball
2-2: Foul Ball, location: 2F
2-2: Ball
3-2: Foul Ball, location: 2F
3-2: Base on Balls
Batting: LHB Clay Rush 0-0: Ball
1-0: Ball
Wild Pitch!
Layton Templeman to second
2-0: Foul Ball, location: 2F
2-1: Ball
3-1: Foul Ball, location: 2F
3-2: Base on Balls
Batting: RHB Akihiko Oike 0-0: Called Strike
0-1: Ball
1-1: Hit by Pitch
Layton Templeman to third
Clay Rush to second
Batting: LHB Martín Núñes 0-0: Fly out, F8 (Flyball, 8LS)
Batting: RHB Clarence Neal 0-0: Foul Ball, location: 2F
0-1: Ball
1-1: Ball
2-1: Fly out, F3 (Popup, 3DF)
Top of the 5th over - 0 run(s), 0 hit(s), 0 error(s), 3 left on base; Kingston Township 3 - Capital District 2
BOTTOM OF THE 5TH
Capital District Red Knights batting - Pitching for Kingston Township Legion : RHP José Zavala
Pitching: RHP Alfonso Miranda
Batting: RHB Tom Christensen 0-0: Called Strike
0-1: Ball
1-1: Ball
2-1: Ball
3-1: Base on Balls
Batting: LHB Stan Lewis 0-0: Sac Bunt - play at second, runner OUT -> throw to first, DP!
Batting: RHB Louis Henderson 0-0: Called Strike
0-1: Swinging Strike
0-2: Strikes out swinging
Bottom of the 5th over - 0 run(s), 0 hit(s), 0 error(s), 0 left on base; Kingston Township 3 - Capital District 2
TOP OF THE 6TH
Kingston Township Legion batting - Pitching for Capital District Red Knights : RHP Lou Lowry
Batting: RHB Pedro Mendoza 0-0: Called Strike
0-1: Swinging Strike
0-2: Ball
1-2: Strikes out swinging
Batting: RHB Jon Erickson 0-0: Ball
1-0: Ball
2-0: Ground out 5-3 (Groundball, 56)
Pinch Hitting: RHB Héctor Rojas 0-0: Foul Ball, location: 2F
0-1: Called Strike
0-2: Foul Ball, location: 2F
0-2: Ball
1-2: Foul Ball, location: 2F
1-2: Ground out 5-3 (Groundball, 5S)
Top of the 6th over - 0 run(s), 0 hit(s), 0 error(s), 0 left on base; Kingston Township 3 - Capital District 2
BOTTOM OF THE 6TH
Capital District Red Knights batting - Pitching for Kingston Township Legion : RHP Alfonso Miranda
Now in LF: Héctor Rojas
Batting: RHB Lane Rich 0-0: Called Strike
0-1: Foul Ball, location: 2F
0-2: SINGLE (Flyball, 89S)
Batting: RHB Shawn Hicks 0-0: Called Strike
0-1: Fielders Choice at 2nd, 6-4 (Groundball, 6)
Batting: LHB Roberto Marino 0-0: Ball
1-0: Grounds into double play, 4-6-3 (Groundball, 4)
Bottom of the 6th over - 0 run(s), 1 hit(s), 0 error(s), 0 left on base; Kingston Township 3 - Capital District 2
TOP OF THE 7TH
Kingston Township Legion batting - Pitching for Capital District Red Knights : RHP Lou Lowry
Batting: LHB Gonzalo López 0-0: Ball
1-0: Foul Ball, location: 2F
1-1: Swinging Strike
1-2: Ball
2-2: Ball
3-2: Base on Balls
Batting: RHB Layton Templeman 0-0: Ball
1-0: Fly out, F8 (Flyball, 8LM)
Batting: LHB Clay Rush 0-0: Ball
1-0: DOUBLE (Line Drive, 9LS)
Gonzalo López to third
Batting: RHB Akihiko Oike 0-0: Fly out, F8 (Flyball, 8LM)
Runner from 3rd tags up, SCORES, throw made
Batting: LHB Martín Núñes 0-0: Called Strike
0-1: Ball
1-1: Ball
2-1: Foul Ball, location: 2F
2-2: Ball
3-2: Base on Balls
Pitching: RHP Gregory Gary
Batting: RHB Clarence Neal 0-0: Ball
1-0: Called Strike
1-1: Ball
2-1: Fly out, F7 (Flyball, 7S)
Top of the 7th over - 1 run(s), 1 hit(s), 0 error(s), 2 left on base; Kingston Township 4 - Capital District 2
BOTTOM OF THE 7TH
Capital District Red Knights batting - Pitching for Kingston Township Legion : RHP Alfonso Miranda
Batting: RHB Martin Young 0-0: Ball
1-0: Called Strike
1-1: Ball
2-1: Called Strike
2-2: Ground out 1-3 (Groundball, 23)
Batting: RHB Barry Dempsey 0-0: Called Strike
0-1: Ball
1-1: Ground out 4-3 (Groundball, 4)
Batting: LHB Arturo Hernández 0-0: Ball
1-0: Foul Ball, location: 2F
1-1: Foul Ball, location: 2F
1-2: Ball
2-2: Foul Ball, location: 2F
2-2: Ball
3-2: Fly out, F8 (Line Drive, 8RM)
Bottom of the 7th over - 0 run(s), 0 hit(s), 0 error(s), 0 left on base; Kingston Township 4 - Capital District 2
TOP OF THE 8TH
Kingston Township Legion batting - Pitching for Capital District Red Knights : RHP Gregory Gary
Pinch Hitting: RHB Ernie McPherson 0-0: Called Strike
0-1: Ball
1-1: Ball
2-1: Ground out 5-3 (Groundball, 5)
Batting: RHB Jon Erickson 0-0: Called Strike
0-1: Ball
1-1: Foul Ball, location: 2F
1-2: Ground out 4-3 (Groundball, 34)
Batting: RHB Héctor Rojas 0-0: Ball
1-0: Called Strike
1-1: Foul Ball, location: 2F
1-2: Ball
2-2: Reached on Error, E9 (Flyball, 89S)
Batting: LHB Gonzalo López 0-0: Ball
1-0: Ball
2-0: Foul Ball, location: 2F
2-1: Ball
3-1: Called Strike
3-2: Base on Balls
Batting: RHB Layton Templeman 0-0: Ball
1-0: Swinging Strike
1-1: Ground out 1-3 (Groundball, 23)
Top of the 8th over - 0 run(s), 0 hit(s), 1 error(s), 2 left on base; Kingston Township 4 - Capital District 2
BOTTOM OF THE 8TH
Capital District Red Knights batting - Pitching for Kingston Township Legion : RHP Alfonso Miranda
Now at SS: Ernie McPherson
Pinch Hitting: RHB Daniel Lallanilla 0-0: Ball
1-0: Ball
2-0: Swinging Strike
2-1: Foul Ball, location: 2F
2-2: Foul Ball, location: 2F
2-2: Strikes out looking
Batting: SHB Joreão Canosa 0-0: SINGLE (Groundball, 34D)
Batting: RHB Louis Henderson 0-0: Called Strike
0-1: Ball
1-1: Swinging Strike
1-2: Fly out, F4 (Popup, 4)
Pinch Hitting: RHB Chang-bum Pak 0-0: Ball
1-0: Ball
2-0: Called Strike
2-1: SINGLE (Line Drive, 6M)
Joreão Canosa to second
Pinch Hitting: RHB Manny Carbajal 0-0: Foul Ball, location: 2F
0-1: Called Strike
0-2: Ball
1-2: Ball
2-2: Ground out 5-3 (Groundball, 5)
Bottom of the 8th over - 0 run(s), 2 hit(s), 0 error(s), 2 left on base; Kingston Township 4 - Capital District 2
TOP OF THE 9TH
Kingston Township Legion batting - Pitching for Capital District Red Knights : RHP Gregory Gary
Pitching: RHP Reynaldo Díaz
Now at 1B: Chang-bum Pak
Now at 2B: Daniel Lallanilla
Now at 3B: Manny Carbajal
Batting: LHB Clay Rush 0-0: Called Strike
0-1: Ball
1-1: Foul Ball, location: 2F
1-2: Ball
2-2: Fly out, F9 (Flyball, 89D)
Pitching: RHP Richard Brown
Batting: RHB Akihiko Oike 0-0: Fly out, F8 (Flyball, 8LD)
Pitching: LHP Jeffery Howell
Pinch Hitting: RHB Pete Knight 0-0: Called Strike
0-1: Ground out 1-3 (Groundball, 15S)
Top of the 9th over - 0 run(s), 0 hit(s), 0 error(s), 0 left on base; Kingston Township 4 - Capital District 2
BOTTOM OF THE 9TH
Capital District Red Knights batting - Pitching for Kingston Township Legion : RHP Alfonso Miranda
Pitching: RHP Bruce Hamilton
Now at 3B: Carlos Mercado
Pinch Hitting: LHB Arturo Acosta 0-0: Ball
1-0: Foul Ball, location: 2F
1-1: Ball
2-1: Ball
3-1: Ground out 4-3 (Groundball, 4M)
Pinch Hitting: RHB Mark Field 0-0: Called Strike
0-1: Ball
1-1: Called Strike
1-2: Strikes out swinging
Pinch Hitting: RHB Jason Weston 0-0: Called Strike
0-1: Ball
1-1: Ground out 4-3 (Groundball, 4)
Bottom of the 9th over - 0 run(s), 0 hit(s), 0 error(s), 0 left on base; Kingston Township 4 - Capital District 2
This league is powered by Out of the Park Baseball, the baseball management simulation game for PC, Mac and Linux
Monday, October 3rd, 2016 - OOTP Baseball 16.9 Build 39